 Dungeon Crawl Stone Soup version 0.24-a0-378-g94936e539c (webtiles) character file.

Game seed: 10929396799991367631

16295 gulp the Covert (level 12, -1/81 HPs)
             Began as an Octopode Assassin on June 1, 2019.
             Was a Priest of Yredelemnul.
             Slain by an orc warrior
             ... wielding a +0 short sword
              (17 damage)
             ... on level 12 of the Dungeon.
             The game lasted 00:39:27 (12976 turns).

gulp the Covert (Octopode Assassin)                Turns: 12976, Time: 00:39:28

Health: -1/81      AC:  5    Str: 10    XL:     12   Next: 36%
Magic:  47/47      EV: 17    Int: 15    God:    Yredelemnul [***...]
Gold:   811        SH:  4    Dex: 17    Spells: 16/21 levels left

rFire    . . .     SeeInvis +   a - +7 pair of quick blades "Gyre" and "Gimble" {protect}
rCold    . . .     Gourm    .   (shield currently unavailable)
rNeg     . . .     Faith    .   (helmet restricted)
rPois    +         Spirit   .   D - amulet of rage
rElec    .         Reflect  .   g - ring of magical power
rCorr    +         Harm     .   q - ring of magical power
MR       .....                  r - ring of fire
Stlth    ++++++....             C - ring of see invisible
HPRegen  0.23/turn              t - ring of ice
MPRegen  0.30/turn              F - ring "Qumpysomn" {Wiz MP+9}
                                U - ring of resist corrosion
                                (no ring)

@: no status effects
A: almost no armour, stealthy swim, amphibious, 8 rings, constrict 8, iridescent
scales 1, large bone plates 1, yellow scales 1, camouflage 1, poison resistance,
gelatinous body 1
a: Recall Undead Slaves, Injury Mirror, Animate Dead, Renounce Religion, Evoke
Berserk Rage


You were on level 12 of the Dungeon.
You worshipped Yredelemnul.
Yredelemnul was most pleased with you.
You were hungry.

You visited 2 branches of the dungeon, and saw 15 of its levels.
You also visited: Sewer and Ossuary.

You collected 1711 gold pieces.
You spent 900 gold pieces at shops.

Inventory:

Hand Weapons
 a - the +7 pair of quick blades "Gyre" and "Gimble" (weapon) {protect}
   (You bought it in a shop on level 6 of the Dungeon)

   It grants its wielder temporary protection when it strikes (+7 to AC).
 b - a +1 whip of electrocution
 l - a +1 scimitar of flaming
 K - a +4 dagger
 P - the +6 arbalest "Maick" {freeze, rElec rPois Dex-5 Stlth-}
   (You found it on level 12 of the Dungeon)

   It causes projectiles fired from it to freeze those they strike, causing
   extra injury to most foes and up to half again as much damage against
   particularly susceptible opponents.
   They can also slow down cold-blooded creatures.
   It affects your dexterity (-5).
   It insulates you from electricity.
   It protects you from poison.
   It makes you less stealthy.
 S - the +5 scythe "Finisher" {speed, eviscerate}
   (You found it on level 10 of the Dungeon)

   Attacks with this weapon are significantly faster.
Missiles
 p - 6 boomerangs of dispersal
 z - a curare-tipped dart
 A - 24 poisoned darts (quivered)
 R - 4 boomerangs
Armour
 Q - the +2 buckler of the Lotus Blossom {rPois rCorr Str+6 Dex-4}
   (You acquired it on level 9 of the Dungeon)

   It affects your strength (+6).
   It affects your dexterity (-4).
   It protects you from poison.
   It provides partial protection from all sources of acid and corrosion.
Jewellery
 g - a ring of magical power (left tentacle)
 q - a ring of magical power (right tentacle)
 r - a ring of fire (on tentacle)
 t - a ring of ice (on tentacle)
 C - a ring of see invisible (on tentacle)
 D - an amulet of rage (around mantle)
 F - the ring "Qumpysomn" (on tentacle) {Wiz MP+9}
   (You found it on level 7 of the Dungeon)

   [ring of wizardry]

   It improves your spell success rate.
   It affects your magic capacity (+9).
 U - a ring of resist corrosion (on tentacle)
Wands
 m - a wand of digging (3)
 v - a wand of acid (17)
 B - a wand of polymorph (28)
 E - a wand of scattershot (5)
 G - a wand of random effects (19)
 I - a wand of flame (17)
Scrolls
 e - 2 scrolls of fear
 f - 4 scrolls of amnesia
 j - 8 scrolls of teleportation
 n - 4 scrolls of magic mapping
 o - 3 scrolls of immolation
 s - 3 scrolls of remove curse
 J - a scroll of enchant armour
 O - a scroll of blinking
Potions
 c - 6 potions of might
 h - 3 potions of brilliance
 i - 9 potions of curing
 k - a potion of resistance
 u - 3 potions of flight
 w - 2 potions of agility
 x - 2 potions of cancellation
 H - a potion of haste
 L - 3 potions of magic
 M - 4 potions of lignification
 V - 2 potions of ambrosia
Miscellaneous
 T - a fan of gales
Comestibles
 d - 24 rations


   Skills:
 + Level 7.2 Fighting
 - Level 8.4 Short Blades
 * Level 3.4 Polearms
 - Level 3.9 Throwing
 + Level 5.9 Dodging
 - Level 11.0 Stealth
 + Level 1.3 Shields
 + Level 5.3 Spellcasting
 + Level 6.7 Hexes
 * Level 6.4 Invocations
 * Level 8.2 Evocations


You had 16 spell levels left.
You knew the following spells:

 Your Spells              Type           Power        Failure   Level  Hunger
a - Confusing Touch       Hex            ###...       1%          1    None
b - Confuse               Hex            ###.....     1%          3    ###....
c - Apportation           Tloc           #.....       6%          1    None

Your spell library contained the following spells:

 Spells                   Type           Power        Failure   Level  Hunger
 Corona                   Hex            ###....      1%          1    None
 Slow                     Hex            ###.....     1%          2    #......
 Inner Flame              Hex/Fire       ###.....     4%          3    ###....
 Portal Projectile        Hex/Tloc       ##....       4%          3    ###....
 Cause Fear               Hex            ###.......   4%          4    ####...
 Animate Skeleton         Necr           N/A          6%          1    None
 Freeze                   Ice            #...         6%          1    None
 Summon Small Mammal      Summ           #...         6%          1    None
 Throw Frost              Conj/Ice       #.....       10%         2    #......
 Leda's Liquefaction      Hex/Erth       ##........   16%         4    ####...
 Gell's Gravitas          Tloc           #.........   19%         3    ###....
 Ozocubu's Armour         Chrm/Ice       #.......     19%         3    ###....
 Metabolic Englaciation   Hex/Ice        ###.......   38%         5    ######.
 Yara's Violent Unravell  Hex/Tmut       ##........   38%         5    ######.
 Petrify                  Tmut/Erth      #.......     50%         4    ####...
 Summon Ice Beast         Ice/Summ       #.......     50%         4    ####...
 Throw Icicle             Conj/Ice       #.......     50%         4    ####...


Dungeon Overview and Level Annotations

Branches:
Dungeon (14/15)            Temple (1/1) D:7            Lair (0/6) D:8
    Orc (0/2) D:12
 Vaults: D:13-14

Altars:
Ashenzari
Cheibriados
Dithmenos
Elyvilon
Fedhas
Gozag
Hepliaklqana
Kikubaaqudgha
Makhleb
Nemelex Xobeh
Okawaru
Qazlal
Ru
Sif Muna
Trog
Uskayaw
Vehumet
Wu Jian
Xom
Yredelemnul
Zin
The Shining One

Shops:
D:6 (   D:10 =   D:11 (?

Annotations:
D:6 exclusion: downstairs


Innate Abilities, Weirdness & Mutations

You cannot wear most types of armour.
You are very stealthy in the water. (Stealth+)
You are amphibious.
You can wear up to eight rings at the same time.
You can use your tentacles to constrict eight enemies at once.
Your skin changes colour to match your surroundings (Stealth+).
Your rubbery body absorbs attacks. (AC +1, EV +1)
You are partially covered in iridescent scales. (AC +2)
You are partially covered in large bone plates. (SH +4)
You are partially covered in yellow scales. (AC +2)
Your system is resistant to poisons. (rPois)


Message History

Your tentacles begin to glow red.
You constrict the orc warrior.
The gnoll sergeant hits you with a +0 trident.
The gnoll sergeant hits you from afar with a +0 trident.
The orc warrior hits you with a +0 short sword.
You constrict the orc warrior.
The gnoll sergeant hits you with a +0 trident!
* * * LOW HITPOINT WARNING * * *
The gnoll sergeant barely misses you.
The orc warrior hits you with a +0 short sword.
* * * LOW HITPOINT WARNING * * *
You are too injured to fight recklessly!
You are too injured to fight recklessly!
You release your grip on the orc warrior.
The gnoll sergeant hits you from afar with a +0 trident.
* * * LOW HITPOINT WARNING * * *
Your tentacles stop glowing.
Okay, then.
The orc warrior hits you with a +0 short sword!
You die...
Your body rises from the dead as a mindless zombie.

....
####..##............
#...#........(###
#...#........##
#.#.#.....)..#
#.#.#.....####
#....g.#.....
###.#.##......# #
##...........#.#
.###.#..@o..####..#.#
#.......##..### #...
.......>....... ....
#####.#########.. ...
#. #


You could see an orc warrior and a gnoll sergeant.

Vanquished Creatures
  Agnes (D:14)
  A hydra (D:12)
  Erica (D:9)
  2 two-headed ogres
  Pikel (D:5)
  An elephant (D:8)
  4 trolls
  11 slime creatures (D:14)
  A hornet (D:14)
  7 hippogriffs
  A shadow (D:9)
  A vampire (D:14)
  A spriggan (D:7)
  6 yaks
  3 wraiths (D:10)
  2 hungry ghosts
  2 water moccasins (D:12)
  4 orc warriors
  Purgy (Sewer)
  A sky beast (D:8)
  A phantom (D:10)
  2 black bears
  4 ogres
  4 centaurs
  A crocodile (D:8)
  A big kobold (D:12)
  An elf zombie (Ossuary)
  9 bullfrogs
  3 gnoll sergeants (D:12)
  6 scorpions
  A water moccasin skeleton (D:5)
  3 wights (D:7)
  4 howler monkeys
  2 centaur zombies
  A bullfrog zombie (D:2)
  3 crimson imps
  4 hounds
  3 jellies
  3 orc priests
  A bullfrog skeleton (D:9)
  4 centaur skeletons
  Jessica (D:2)
  10 orc wizards
  Ijyb (D:4)
  6 worker ants
  2 hound zombies
  3 hound skeletons
  5 mummies
  A howler monkey zombie (D:5)
  2 howler monkey skeletons
  A worker ant zombie (D:6)
  A river rat (D:4)
  11 adders
  3 shadow imps
  An ooze (D:7)
  2 adder zombies
  An adder skeleton (D:4)
  3 worms
  2 dart slugs
  2 leopard geckos
  22 orcs
  5 ball pythons
  4 bats
  6 giant cockroaches
  4 goblins
  5 hobgoblins
  3 jackals (D:10)
  4 kobolds
  3 quokkas
  13 frilled lizards
  2 gnoll zombies (Ossuary)
  4 goblin zombies
  A hobgoblin zombie (D:8)
  A kobold zombie (Ossuary)
  An orc zombie (Ossuary)
  2 quokka skeletons
  3 quokka zombies
  9 rats
  2 rat zombies (Ossuary)
265 creatures vanquished.

Vanquished Creatures (collateral kills)
  An orc wizard (D:10)
  2 orcs (D:10)
3 creatures vanquished.

Vanquished Creatures (others)
  A yak zombie (D:10)
  A mummy (D:12)
  A frilled lizard (D:5)
3 creatures vanquished.

Grand Total: 271 creatures vanquished

Notes
Turn   | Place    | Note
-------+----------+-------------------------------------------
     0 | D:1      | gulp the Octopode Assassin began the quest for the Orb.
     0 | D:1      | Reached XP level 1. HP: 14/14 MP: 1/1
   264 | D:1      | Reached XP level 2. HP: 19/19 MP: 2/2
   713 | D:2      | Found a blossoming altar of Fedhas.
   788 | D:2      | Found a glowing silver altar of Zin.
   799 | D:2      | Reached skill level 6 in Stealth
   799 | D:2      | Reached XP level 3. HP: 17/24 MP: 3/3
  1160 | D:2      | Noticed Jessica
  1163 | D:2      | Noticed a water elemental
  1165 | D:2      | Killed Jessica
  1165 | D:2      | Reached XP level 4. HP: 30/30 MP: 4/4
  1166 | D:2      | Found a stormy altar of Qazlal.
  1336 | D:2      | Noticed a fire elemental
  1341 | D:2      | Noticed an air elemental
  1341 | D:2      | Noticed an earth elemental
  1427 | D:2      | Found a faded altar of an unknown god.
  1756 | D:3      | Reached skill level 7 in Stealth
  2086 | D:3      | Found a sparkling altar of Nemelex Xobeh.
  2156 | D:3      | Reached XP level 5. HP: 32/35 MP: 5/5
  2753 | D:4      | Noticed Ijyb
  2757 | D:4      | Killed Ijyb
  2757 | D:4      | Reached XP level 6. HP: 32/41 MP: 6/6
  3056 | D:4      | Found a glowing drain.
  3189 | Sewer    | Entered a sewer
  3377 | Sewer    | Noticed Purgy
  3401 | Sewer    | Killed Purgy
  3456 | Sewer    | Reached XP level 7. HP: 46/46 MP: 7/7
  3677 | D:4      | Learned a level 1 spell: Confusing Touch
  3923 | D:4      | Found a snail-covered altar of Cheibriados.
  3992 | D:4      | Learned a level 3 spell: Confuse
  4015 | D:5      | Entered Level 5 of the Dungeon
  4033 | D:5      | Reached skill level 1 in Hexes
  4244 | D:5      | Reached skill level 1 in Spellcasting
  4310 | D:5      | Noticed Pikel
  4338 | D:5      | Killed Pikel
  4338 | D:5      | Reached skill level 5 in Short Blades
  4338 | D:5      | Reached skill level 1 in Evocations
  4338 | D:5      | Reached XP level 8. HP: 54/54 MP: 10/10
  4361 | D:5      | Found an ancient bone altar of Kikubaaqudgha.
  4928 | D:6      | Found Mizo's Weapon Emporium.
  5778 | D:7      | Got a coiled lapis lazuli ring
  5779 | D:7      | Identified the ring "Qumpysomn" {Wiz MP+9} (You found it on
                  | level 7 of the Dungeon)
  6026 | D:7      | Reached XP level 9. HP: 53/58 MP: 12/12
  6344 | D:7      | Identified a scroll of acquirement
  6388 | D:6      | Bought the +7 pair of quick blades "Gyre" and "Gimble"
                  | {protect} for 900 gold pieces
  6388 | D:6      | Found the +7 pair of quick blades "Gyre" and "Gimble"
                  | {protect}
  6455 | D:7      | Found a staircase to the Ecumenical Temple.
  6471 | Temple   | Entered the Ecumenical Temple
  6570 | Temple   | Became a worshipper of Yredelemnul the Dark
  6974 | D:7      | Found a shimmering altar of Xom.
  7144 | D:8      | Found a shadowy altar of Dithmenos.
  7176 | D:8      | Reached skill level 5 in Fighting
  7526 | D:8      | Noticed a two-headed ogre
  7546 | D:8      | Found a sand-covered staircase.
  7553 | Ossuary  | Entered an ossuary
  7769 | Ossuary  | Reached XP level 10. HP: 66/66 MP: 14/14
  7795 | Ossuary  | Reached * piety under Yredelemnul
  7878 | Ossuary  | Learned a level 1 spell: Apportation
  7891 | Ossuary  | Gained mutation: You are weak. (Str -2) [potion of
                  | mutation]
  7891 | Ossuary  | Gained mutation: You are partially covered in iridescent
                  | scales. (AC +2) [potion of mutation]
  7892 | Ossuary  | Lost mutation: You are weak. (Str -2) [potion of mutation]
  7892 | Ossuary  | Gained mutation: You are partially covered in yellow
                  | scales. (AC +2) [potion of mutation]
  7892 | Ossuary  | Gained mutation: Your system is resistant to poisons.
                  | (rPois) [potion of mutation]
  7892 | Ossuary  | Gained mutation: You are partially covered in large bone
                  | plates. (SH +4) [potion of mutation]
  7904 | D:8      | Killed a two-headed ogre
  7904 | D:8      | Reached skill level 1 in Invocations
  7904 | D:8      | Reached skill level 5 in Evocations
  8258 | D:8      | Reached skill level 5 in Dodging
  8647 | D:8      | Found a staircase to the Lair.
  8647 | D:8      | Noticed an elephant
  8942 | D:8      | Killed an elephant
  8942 | D:8      | Reached skill level 5 in Hexes
  9117 | D:9      | Reached skill level 8 in Stealth
  9169 | D:9      | Found a white marble altar of Elyvilon.
  9307 | D:9      | Noticed Erica
  9316 | D:9      | Killed Erica
  9365 | D:9      | Reached ** piety under Yredelemnul
  9393 | D:9      | Reached skill level 9 in Stealth
  9397 | D:9      | Found a sacrificial altar of Ru.
  9499 | D:9      | Got a brightly glowing buckler
  9525 | D:9      | Found a shattered altar of Ashenzari.
  9570 | D:9      | Identified the +2 buckler of the Lotus Blossom {rPois rCorr
                  | Str+6 Dex-4} (You acquired it on level 9 of the Dungeon)
  9609 | D:10     | Entered Level 10 of the Dungeon
  9617 | D:10     | Reached XP level 11. HP: 72/72 MP: 16/16
 10325 | D:10     | Found Mazuipue's Jewellery Shoppe.
 10665 | D:10     | Found the +5 scythe "Finisher" {speed, eviscerate}
 10672 | D:10     | Reached skill level 10 in Stealth
 10785 | D:11     | Noticed a two-headed ogre
 10795 | D:10     | HP: 3/74 [two-headed ogre/+0 giant club (8)]
 11165 | D:10     | Reached skill level 5 in Invocations
 11202 | D:10     | Reached *** piety under Yredelemnul
 11471 | D:11     | Found Zezac's Antique Weapon Shoppe.
 11471 | D:11     | Found Uscheim's Magic Scroll Shop.
 11511 | D:11     | Found the +3 robe of Folly {Archmagi, MR-- Int+5}
 11570 | D:11     | Noticed a manticore
 11576 | D:11     | You fall into a shaft and drop 3 floors!
 11629 | D:14     | Noticed a two-headed ogre
 11650 | D:14     | Killed a two-headed ogre
 11650 | D:14     | Reached skill level 1 in Shields
 11695 | D:14     | Reached skill level 1 in Polearms
 11876 | D:14     | Noticed Agnes
 11893 | D:14     | Killed Agnes
 12022 | D:14     | Reached skill level 11 in Stealth
 12128 | D:14     | Reached XP level 12. HP: 80/80 MP: 19/19
 12334 | D:14     | Reached skill level 5 in Spellcasting
 12365 | D:14     | Received a gift from Yredelemnul (a mummy)
 12616 | D:12     | Noticed a five-headed hydra
 12625 | D:12     | Killed a five-headed hydra
 12864 | D:12     | Got a brightly glowing arbalest
 12865 | D:12     | Identified the +6 arbalest "Maick" {freeze, rElec rPois
                  | Dex-5 Stlth-} (You found it on level 12 of the Dungeon)
 12882 | D:12     | Found a staircase to the Orcish Mines.
 12976 | D:12     | Slain by an orc warrior

Levels and vault maps discovered:
D:1:      minmay_arrival_three_doors, layout_loops_ring
D:2:      minmay_wonky_spiral, layout_basic, fedhas_altar_2,
          nicolae_qazlal_style_of_elements, overflow_temple_1_default,
          chequers_ecumenical_altar_grove, uniq_jessica
D:3:      layout_loops_cross, nemelex_xobeh_ov_fountains_minmay
D:4:      layout_basic, cheibriados_altar_1, first_ration, portal_sewer_entry_e,
          uniq_ijyb
D:5:      layout_rooms, kiku_gazebo_pond_becter, minmay_misc_feat_nine_boxes,
          minmay_misc_feat_iff, uniq_pikel
D:6:      layout_loops_ring, serial_shops, shop
D:7:      layout_loops_ring, minmay_temple_entry_fiery, the_bakery, tgw_xom
D:8:      layout_basic, old_standard_altar, david_lair_generic,
          nicolae_ossuary_entry_giza, chequers_serial_rivers_micro_c
D:9:      layout_roguey, lemuel_doored_altar, ashenzari_conservatory_becter,
          nicolae_overflow_crystal_walls, uniq_erica
D:10:     layout_cave_pools, serial_shops, nicolae_shop_window_shopping,
          minmay_guarded_unrand_finisher
D:11:     layout_small_grid, serial_shops, shop, kennysheep_mini_moat, shop
D:12:     layout_rooms, kennysheep_orc_monster_closet_entryway
D:13:     kennysheep_bubbly, layout_basic, uniq_rupert
D:14:     layout_irregular_city, david_vaults_1, chequers_serial_rivers_marsh,
          hangedman_decor_peaks_small, minivault_23, uniq_nessos, uniq_agnes
Temple:   minmay_temple_bridge_abc

Skill      XL: |  1  2  3  4  5  6  7  8  9 10 11 12 |
---------------+-------------------------------------+-----
Stealth        | 6 7 9 11 | 11.0
Short Blades   | 3 4 5 7 8 |  8.4
Fighting       | 3 4 5 6 7 |  7.2
Dodging        | 2 3 4 5 |  5.9
Hexes          | 2 3 4 5 6 |  6.7
Spellcasting   | 1 2 3 4 5 |  5.3
Throwing       | 3 |  3.9
Evocations     | 1 2 4 6 7 8 |  8.2
Invocations    | 3 5 6 |  6.4
Shields        | 1 |  1.3
Polearms       | 2 3 |  3.4

Action                   |  1- 3 |  4- 6 |  7- 9 | 10-12 || total
-------------------------+-------+-------+-------+-------++-------
Melee: Dagger            |    40 |   117 |   103 |       ||   260
       Constrict         |     7 |    28 |    39 |    44 ||   118
       Tentacles         |     5 |    26 |    42 |    92 ||   165
       Pair of quick bla |       |       |    80 |   372 ||   452
Throw: Dart              |       |    17 |     8 |     8 ||    33
 Cast: Confusing Touch   |       |       |    10 |    33 ||    43
       Confuse           |       |       |       |     9 ||     9
Invok: Animate Remains   |       |       |       |     2 ||     2
       Animate Dead      |       |       |       |     2 ||     2
Evoke: Wand              |       |     1 |       |       ||     1
  Use: Scroll            |       |     1 |    16 |    14 ||    31
       Potion            |       |       |     4 |     2 ||     6
 Stab: Sleeping          |     6 |     9 |    16 |    24 ||    55
       Distracted        |       |     1 |     1 |     2 ||     4
       Confused          |       |       |     5 |    37 ||    42
       Fleeing           |       |       |       |     1 ||     1
  Eat: Chunk             |     1 |     7 |    13 |    10 ||    31
       Ration            |       |       |       |     3 ||     3
Armor: Skin              |       |     2 |    14 |    41 ||    57
Dodge: Dodged            |    19 |    49 |    76 |   104 ||   248
Block: Buckler           |       |       |     6 |       ||     6
       Other             |       |       |       |    26 ||    26

Table legend:
 A = Non-vault XP
 B = Vault XP
 C = Vault XP percentage of total XP
 D = Non-vault monster count
 E = Vault monster count
 F = Vault count percentage of total count
                 A         B        C        D         E       F
            +---------+---------+-------+---------+---------+-------
      Total |   16008 |    7271 |  31.2 |     202 |      66 |  24.6
            +---------+---------+-------+---------+---------+-------
        D:1 |      12 |       0 |   0.0 |       8 |       0 |   0.0
        D:2 |      80 |      41 |  33.9 |      12 |       4 |  25.0
        D:3 |      49 |       0 |   0.0 |      20 |       0 |   0.0
        D:4 |     264 |      67 |  20.2 |      11 |       9 |  45.0
        D:5 |     253 |     629 |  71.3 |       7 |       1 |  12.5
        D:6 |     657 |       0 |   0.0 |      19 |       0 |   0.0
        D:7 |     772 |     318 |  29.2 |      16 |       5 |  23.8
        D:8 |    2769 |     827 |  23.0 |      21 |       6 |  22.2
        D:9 |    1343 |     950 |  41.4 |      19 |       1 |   5.0
       D:10 |    2926 |     621 |  17.5 |      40 |       3 |   7.0
       D:11 |     190 |       0 |   0.0 |       5 |       0 |   0.0
       D:12 |    1514 |     880 |  36.8 |       7 |       9 |  56.2
       D:14 |    5179 |    2573 |  33.2 |      17 |       3 |  15.0
      Sewer |       0 |     164 | 100.0 |       0 |       9 | 100.0
    Ossuary |       0 |     201 | 100.0 |       0 |      16 | 100.0
            +---------+---------+-------+---------+---------+-------
